 Dungeon Crawl Stone Soup version 0.27-a0-906-g0a00ce863d (webtiles) character file.

Game seed: 11027181722708959301

499 Drazool the Conjurer (level 6, -15/45 HPs)
             Began as a Draconian Conjurer on Apr 7, 2021.
             Was a Follower of Nemelex Xobeh.
             Demolished by a two-headed ogre
             ... wielding a +0 giant spiked club
              (16 damage)
             ... on level 5 of the Dungeon.
             The game lasted 00:14:21 (3525 turns).

Drazool the Conjurer (Draconian Conjurer)           Turns: 3525, Time: 00:14:22

Health: -15/45     AC:  6    Str:  9    XL:     6   Next: 94%
Magic:  14/21      EV: 12    Int: 21    God:    Nemelex Xobeh [*.....]
Gold:   156        SH:  0    Dex: 15    Spells: 10/13 levels left

rFire    . . .     SeeInvis .   g - +3 mace (holy)
rCold    . . .     Faith    .   (no shield)
rNeg     . . .     Spirit   .   (armour unavailable)
rPois    .         Reflect  .   (helmet restricted)
rElec    .         Harm     .   (no cloak)
rCorr    .         Rampage  .   (no gloves)
Will     .....                  (no boots)
Stlth    ++........             (no amulet)
HPRegen  0.15/turn              W - ring of magical power
MPRegen  0.17/turn              D - +6 ring of dexterity

@: no status effects
A: AC +6, unfitting armour, cold-blooded
a: Renounce Religion, Draw Escape, Draw Destruction, Draw Summoning


You were on level 5 of the Dungeon.
You worshipped Nemelex Xobeh.
Nemelex Xobeh was aware of your devotion.
You visited 1 branch of the dungeon, and saw 5 of its levels.

You collected 156 gold pieces.


Innate Abilities, Weirdness & Mutations

Your plain brown scales are hard. (AC +6)
You cannot fit into any form of body armour.
You are cold-blooded and may be slowed by cold attacks.


   Skills:
 - Level 1.7 Dodging
 - Level 1.7 Stealth
 + Level 4.2 Spellcasting
 * Level 6.4 Conjurations
 + Level 3.4 Invocations


You had 10 spell levels left.
You knew the following spells:

 Your Spells              Type           Power      Damage    Failure   Level
m - Magic Dart            Conj           100%       1d8       1%          1
s - Searing Ray           Conj           62%        3d5       1%          2

Your spell library contained the following spells:

 Spells                   Type           Power      Damage    Failure   Level
 Dazzling Flash           Conj/Hex       34%        N/A       10%         3
 Animate Skeleton         Necr           8%         N/A       12%         1
 Apportation              Tloc           8%         N/A       12%         1
 Corona                   Hex            4%         N/A       12%         1
 Pain                     Necr           16%        1d4       12%         1
 Summon Small Mammal      Summ           16%        N/A       12%         1
 Mephitic Cloud           Conj/Pois/Air  13%        N/A       14%         3
 Corpse Rot               Necr/Air       N/A        N/A       19%         2
 Fulminant Prism          Conj/Hex       8%         3d7       30%         4
 Iskenderun's Mystic Bla  Conj/Tloc      17%        2d5       30%         4
 Vampiric Draining        Necr           2%         2d6       34%         3
 Bolt of Magma            Conj/Fire/Erth 6%         4d6       80%         5

Inventory:

Hand Weapons
 a - a +0 dagger
 g - a +3 mace of holy wrath (weapon)
Armour
 e - a +0 cloak
Jewellery
 C - a ring of ice
 D - a +6 ring of dexterity (right hand)
 W - a ring of magical power (left hand)
Scrolls
 b - a scroll of holy word {unknown}
 c - a scroll of identify {@r1}
 d - a scroll of enchant weapon
 k - a scroll of blinking
Potions
 f - a potion of resistance
 h - a potion of curing {unknown}
 i - 2 potions of cancellation {unknown}
 j - a potion of heal wounds {unknown}

Dungeon Overview and Level Annotations

Branches:
Dungeon (4/15)             Temple (0/1) D:5

Altars:
Nemelex Xobeh

#.# #.#
#.# #.#
#.# #.#
#.#
#.##
#@.#
##O#
#.# #.#
#.# #.#
#.#
###.###
#.....#


You could see a two-headed ogre.


Message History

The searing ray hits the iguana.
The iguana is moderately wounded. (Press . to maintain the ray.) Unknown command.
The searing ray hits the iguana.
The iguana is heavily wounded.
The searing ray hits the iguana!
The iguana is almost dead.
Casting: Searing Ray (safe; 1% risk of failure)
Confirm with . or Enter, or press ? or * to list all spells.
Aiming: Searing Ray (safe; 1% risk of failure)
Press: ? - help, Shift-Dir - straight line, f - two-headed ogre, p - iguana
Aim: a two-headed ogre, wielding two +0 giant spiked clubs (10% to evade)
The searing ray misses the iguana.
The searing ray hits the two-headed ogre!
The two-headed ogre is lightly wounded. (Press . to maintain the ray.)
The iguana bites you!
The searing ray hits the iguana.
You kill the iguana!
The searing ray hits the two-headed ogre!
The two-headed ogre is heavily wounded.
The searing ray hits the two-headed ogre.
The two-headed ogre is heavily wounded.
The two-headed ogre hits you with a +0 giant spiked club!!
Ouch! That really hurt!
* * * LOW HITPOINT WARNING * * *
The two-headed ogre hits you with a +0 giant spiked club!
You die...
Your body disappears without a glow.

Skill      XL: |  1  2  3  4  5  6 |
---------------+-------------------+-----
Spellcasting   | 3 4 |  4.2
Invocations    | 1 2 3 |  3.4
Conjurations   | 5 6 |  6.4
Dodging        | |  1.7
Stealth        | |  1.7

Action                   |  1- 3 |  4- 6 || total
-------------------------+-------+-------++-------
Melee: Dagger            |    11 |       ||    11
       Unarmed           |     4 |       ||     4
       Tailslap          |     1 |     1 ||     2
       Mace              |       |     8 ||     8
 Cast: Magic Dart        |    27 |     7 ||    34
       Searing Ray       |    15 |    20 ||    35
  Use: Scroll            |     4 |     2 ||     6
Armor: Skin              |     8 |     5 ||    13
Dodge: Dodged            |    23 |    12 ||    35

Levels and vault maps discovered:
D:1:      dpeg_arrival_orchard, layout_basic, corexii_corridor_pit
D:2:      layout_basic
D:3:      layout_rooms, basic_ecumenical_altar
D:4:      layout_cave_pools, gammafunk_temple_overflow_forgotten,
          kennysheep_generic_room_9
D:5:      layout_rooms, minmay_temple_entry_nine_rooms,
          nicolae_underground_beach, uniq_grinder, uniq_blork_the_orc

Notes
Turn   | Place    | Note
-------+----------+-------------------------------------------
     0 | D:1      | Drazool the Draconian Conjurer began the quest for the Orb.
     0 | D:1      | Reached XP level 1. HP: 14/14 MP: 3/3
   593 | D:1      | Reached XP level 2. HP: 18/20 MP: 1/5
   596 | D:1      | Learned a level 2 spell: Searing Ray
  1768 | D:2      | Reached XP level 3. HP: 26/26 MP: 0/7
  1909 | D:3      | Identified a potion of resistance
  1967 | D:3      | Found a faded altar of an unknown god.
  2016 | D:3      | Became a worshipper of Nemelex Xobeh the Trickster
  2016 | D:3      | Reached * piety under Nemelex Xobeh
  2016 | D:3      | Received a gift from Nemelex Xobeh
  2143 | D:3      | Reached skill level 3 in Spellcasting
  2187 | D:3      | Reached skill level 1 in Invocations
  2187 | D:3      | Reached XP level 4. HP: 33/33 MP: 2/8
  2481 | D:3      | Reached skill level 5 in Conjurations
  2934 | D:4      | Identified a scroll of acquirement
  2934 | D:4      | Acquired Drazool's Papyrus of Harmful Dark Rites
  3078 | D:4      | Reached skill level 2 in Invocations
  3078 | D:4      | Reached XP level 5. HP: 21/38 MP: 10/10
  3269 | D:4      | You fall into a shaft and drop 1 floor!
  3269 | D:5      | Entered Level 5 of the Dungeon
  3270 | D:5      | Noticed a necrophage
  3276 | D:5      | Killed a necrophage
  3277 | D:5      | Reached XP level 6. HP: 45/45 MP: 11/11
  3341 | D:5      | Reached skill level 4 in Spellcasting
  3341 | D:5      | Reached skill level 6 in Conjurations
  3341 | D:5      | Reached skill level 3 in Invocations
  3401 | D:5      | Found a staircase to the Ecumenical Temple.
  3454 | D:5      | Noticed a two-headed ogre
  3525 | D:5      | HP: 1/45 [two-headed ogre/+0 giant spiked club (32)]
  3525 | D:5      | Demolished by a two-headed ogre

Vanquished Creatures
  An ogre (D:5)
  2 necrophages (D:5)
  A water moccasin skeleton (D:4)
  An orc priest (D:3)
  2 iguanas
  5 adders
  A shadow imp (D:5)
  A worm (D:3)
  A dart slug (D:3)
  5 orcs
  5 bats
  3 endoplasms (D:3)
  A giant cockroach (D:1)
  4 goblins
  3 hobgoblins
  5 jackals (D:2)
  6 kobolds
  2 quokkas
  5 ball pythons
  A frilled lizard (D:1)
  6 rats
61 creatures vanquished.

Table legend: (Time is in decaauts)
 A = Elapsed time spent in this place.
 B = Non-inter-level travel time spent in this place.
 C = Inter-level travel time spent in this place.
 D = Time resting spent in this place.
 E = Time spent auto-exploring this place.
 F = Levels seen in this place.
 G = Mean time per level.
                   A        B        C        D        E       F      G
               +--------+--------+--------+--------+--------+-----+--------+
         Total |   3527 |   3406 |    121 |    159 |   2820 |   5 |  705.4 |
       Dungeon |   3527 |   3406 |    121 |    159 |   2820 |   5 |  705.4 |
               +--------+--------+--------+--------+--------+-----+--------+

Top non-repeatable levels by time:
     D:1: 1126 daAuts
     D:3: 1114 daAuts
     D:2: 793 daAuts
     D:5: 255 daAuts
     D:4: 237 daAuts

Table legend:
 A = Non-vault XP
 B = Vault XP
 C = Vault XP percentage of total XP
 D = Non-vault monster count
 E = Vault monster count
 F = Vault count percentage of total count
                 A         B        C        D         E       F
            +---------+---------+-------+---------+---------+-------
      Total |     713 |       0 |   0.0 |      61 |       0 |   0.0
            +---------+---------+-------+---------+---------+-------
        D:1 |      13 |       0 |   0.0 |       8 |       0 |   0.0
        D:2 |      40 |       0 |   0.0 |      17 |       0 |   0.0
        D:3 |     123 |       0 |   0.0 |      25 |       0 |   0.0
        D:4 |     116 |       0 |   0.0 |       5 |       0 |   0.0
        D:5 |     421 |       0 |   0.0 |       6 |       0 |   0.0
            +---------+---------+-------+---------+---------+-------
